 Dungeon Crawl Stone Soup version 0.18.1-8-gdd0e5ea (webtiles) character file.

74 Krapule the Sneak (level 4, -3/30 HPs)
             Began as a Vampire Enchanter on May 29, 2016.
             Slain by Natasha (6 damage)
             ... on level 1 of the Dungeon.
             The game lasted 00:07:21 (1408 turns).

Krapule the Sneak (Vampire Enchanter)               Turns: 1408, Time: 00:07:22

Health: -3/30      AC:  3    Str:  8    XL:     4   Next: 10%
Magic:  4/7        EV: 13    Int: 17    God:
Gold:   111        SH:  0    Dex: 14    Spells: 2 memorised, 3 levels left

rFire  . . .     SeeInvis +     a - +1 dagger
rCold  . . .     Gourm    .     b - +1 robe
rNeg   . . .     Faith    .     (no shield)
rPois  .         Spirit   .     (no helmet)
rElec  .         Dismiss  .     (no cloak)
rCorr  .         Reflect  .     (no gloves)
SustAt .         Harm     .     (no boots)
MR     .....                    (no amulet)
Stlth  +++.......               (no ring)
                                (no ring)

@: regenerating quickly, slowed, very slow, not resistant to hostile
enchantments, fairly stealthy
A: fangs 3, see invisible, unbreathing
a: no special abilities


You were on level 1 of the Dungeon.
You were very full.

You visited 1 branch of the dungeon, and saw 3 of its levels.

You collected 111 gold pieces.

Inventory:

Hand Weapons
 a - a +1 dagger (weapon)
Armour
 b - a +1 robe (worn)
 h - a +0 leather armour
Scrolls
 e - a scroll of blinking {unknown}
 f - a scroll of recharging {unknown}
 g - a scroll of enchant weapon {unknown}
 i - 2 scrolls of identify {unknown}
 l - a scroll of enchant armour {unknown}
Potions
 d - 2 potions of blood
 j - a potion of heal wounds {unknown}
 k - 2 potions of curing {unknown}
Books
 c - a book of Maledictions

   Spells                             Type                      Level
   a - Corona                         Hexes                        1
   b - Ensorcelled Hibernation        Hexes/Ice                    2
   c - Confuse                        Hexes                        3
   d - Tukima's Dance                 Hexes                        3
   e - Dazzling Spray                 Conjuration/Hexes            3


   Skills:
 + Level 2.3 Short Blades
 + Level 2.9 Dodging
 + Level 5.3 Stealth
 + Level 2.3 Spellcasting
 + Level 5.0 Hexes


You had 3 spell levels left.
You knew the following spells:

 Your Spells              Type           Power        Failure   Level  Hunger
a - Corona                Hex            ###....      2%          1    #......
b - Confuse               Hex            ###.....     10%         3    ###....


Dungeon Overview and Level Annotations

Branches:
Dungeon (3/15)

Altars:
Ashenzari
Dithmenos
Pakellas

Annotations:
D:1 Natasha
D:2 Ijyb


Innate Abilities, Weirdness & Mutations

Your natural rate of healing is unusually fast.
You have razor-sharp teeth.
You have supernaturally acute eyesight.
You can survive without breathing.


Message History

You feel troubled. Natasha claws you.
* * * LOW HITPOINT WARNING * * *
Natasha casts a spell at you. You resist with some effort.
Casting: Confuse
Confirm with . or Enter, or press ? or * to list all spells.
Aiming: Confuse
Press: ? - help, Shift-Dir - straight line, f - Natasha
Aim: Natasha (chance to defeat MR: 50%) Natasha resists with some effort.
Natasha stares at you and mumbles some strange words.
You feel yourself slow down.
Natasha howls an incantation.
Natasha glows brightly for a moment.
Natasha claws you.
* * * LOW HITPOINT WARNING * * *
There is a stone staircase leading down, spattered with blood here.
Natasha claws you.
You die...

#...##..#####)).....#.#####
#.##..##............#.#
#.##>.##............#.#
#..)##..............#.#####
#.#)##.#......###...#.##...
#.####+#........##.##....##
#.................)...####
####>...........##.##.#
#....>h@...........#
#...............#.##
#............####.# ##
#.....)......# #.# #8
#......####### #.# ##
#.....[# #.# ###....# #.#
#....# #.# #....# #.#


You could see Natasha.

Vanquished Creatures
  Natasha (D:2)
  An adder (D:2)
  A giant gecko (D:2)
  7 bats
  7 goblins
  5 hobgoblins
  6 jackals
  A ball python (D:1)
  4 giant newts (D:2)
  3 kobolds (D:1)
  A rat (D:2)
37 creatures vanquished.

Notes
Turn   | Place    | Note
--------------------------------------------------------------
     0 | D:1      | Krapule the Vampire Enchanter began the quest for the Orb.
     0 | D:1      | Reached XP level 1. HP: 13/13 MP: 3/3
   355 | D:1      | Reached XP level 2. HP: 19/19 MP: 5/5
   495 | D:1      | Reached skill level 5 in Stealth
   841 | D:2      | Noticed Natasha
   963 | D:2      | Reached XP level 3. HP: 20/24 MP: 6/6
  1043 | D:2      | Found an oddly glowing altar of Pakellas.
  1113 | D:2      | Learned a level 3 spell: Confuse
  1138 | D:2      | Killed Natasha
  1138 | D:2      | Reached XP level 4. HP: 21/30 MP: 0/7
  1307 | D:2      | Found a shattered altar of Ashenzari.
  1338 | D:2      | Found a shadowy altar of Dithmenos.
  1346 | D:2      | Noticed Natasha
  1353 | D:2      | Noticed Ijyb
  1357 | D:3      | Noticed an ogre
  1375 | D:2      | Reached skill level 5 in Hexes
  1408 | D:1      | Slain by Natasha

Skill      XL: |  1  2  3  4 |
---------------+-------------+-----
Stealth        | 5 |  5.3
Short Blades   | 2 |  2.3
Hexes          | 5 |  5.0
Dodging        | |  2.9
Spellcasting   | |  2.3

Action                   |  1- 3 |  4- 6 || total
-------------------------+-------+-------++-------
Melee: Dagger            |   118 |    25 ||   143
       Bite              |     9 |     2 ||    11
 Cast: Corona            |     1 |       ||     1
       Confuse           |     2 |     2 ||     4
 Stab: Sleeping          |     6 |     1 ||     7
       Distracted        |       |     1 ||     1
  Eat: Corpse            |    11 |     1 ||    12
Armor: Robe              |    20 |     9 ||    29
Dodge: Dodged            |    80 |    20 ||   100
